[Event "Early-Titled-Tuesday-Blitz-February-13-2024"]
[Site "Chess.com"]
[Date "2024.02.13"]
[Round "8"]
[White "FredddieCroderg"]
[Black "campochess"]
[Result "0-1"]
[WhiteElo "2310"]
[BlackElo "2149"]
[TimeControl "180+1"]
[EndTime "9:32:15 PST"]
[Termination "campochess won on time"]

1. e4 c5 2. Bc4 e6 3. Qf3 Nc6 4. d3 Ne5 5. Qg3 Nxc4 6. dxc4 Nf6 7. Nc3 d6 8. Bg5 Be7 9. O-O-O a6 10. e5 Nh5 11.
Bxe7 Nxg3 12. Bxd8 Nxh1 13. Rxd6 Nxf2 14. h3 f5 15.
exf6 gxf6 16. Bxf6 Rf8 17. Rd8+ Kf7 18. Rxf8+ Kxf8 19. Kd2 b5 20. Ke3 Nh1 21. Be5 Bb7 22. Nf3 Ke7 23.
a3 b4 24. axb4 cxb4 25. Na4 Bc6 26. Nc5 a5 27. b3 a4 28. bxa4 Bxa4 29. Nxa4 Rxa4 30.
Nd4 Ra3+ 31. Kf4 Nf2 32. c5 Nd1 33. c6 Nc3 34. c7 Nd5+ 35. Kg5 Kd7 36. Nxe6 Ra8 37.
Nc5+ Kc6 38. Ne4 Nxc7 39. Kh6 Ra2 40. Bd6 Nd5 0-1

[Event "Early-Titled-Tuesday-Blitz-February-13-2024"]
[Site "Chess.com"]
[Date "2024.02.13"]
[Round "8"]
[White "C_K_G"]
[Black "davigator"]
[Result "0-1"]
[WhiteElo "2126"]
[BlackElo "2321"]
[TimeControl "180+1"]
[EndTime "9:32:15 PST"]
[Termination "davigator won by resignation"]

1. e4 c5 2. Nf3 Nc6 3. d4 cxd4 4. Nxd4 Nf6 5. Nc3 d6 6. Be2 e5 7. Nb3 h6 8. Be3 Be6 9. O-O Be7 10. f4 exf4 11. Bxf4 Ne5 12. Nd5 Nxe4 13. Bb5+ Bd7 14. Bxd7+ Qxd7 15. Qd4 Nf6 16. Nxe7 Qxe7 17. Rfe1 Nfd7 18.
Rad1 f6 19. Qxd6 Qxd6 20. Rxd6 Ke7 21. Rd2 Rhc8 22. Nd4 Rc6 23. Nxc6+ bxc6 24. b3 a5 25. a4 Rc8 26. Bxe5 Nxe5 27. Rd4 h5 28. h3 Rc7 29. c3 Rb7 30. b4 Ra7 31. b5 Rc7 32. c4 Rc8 33. b6 c5 34. Rd5 Rb8 35. Rf1 Rxb6 36. Rxc5 Rb4 37. Rxa5 Rxc4 38. Ra7+ Ke6 39. Re1 g5 40. a5 Ra4 41. a6 g4 42. hxg4 hxg4 43. g3 Ra3 44. Kg2 Ra2+ 45. Kg1 Kf5 46. Rf1+ Nf3+ 47. Rxf3+ gxf3 48. Ra8 f2+ 49. Kf1 Kg4 50.
Rf8 Rxa6 51. Rg8+ Kf3 52. Ra8 Rxa8 0-1

[Event "Early-Titled-Tuesday-Blitz-February-13-2024"]
[Site "Chess.com"]
[Date "2024.02.13"]
[Round "8"]
[White "mertfelin"]
[Black "viktorskliarov"]
[Result "0-1"]
[WhiteElo "2331"]
[BlackElo "2603"]
[TimeControl "180+1"]
[EndTime "9:32:18 PST"]
[Termination "viktorskliarov won by resignation"]

1. e4 c5 2. Nf3 Nc6 3. Bb5 e6 4. O-O Nge7 5. d4 cxd4 6. Nxd4 Qb6 7. Nxc6 dxc6 8. Be2 e5 9. Nd2 Ng6 10. Nc4 Qc7 11.
Be3 Be7 12. a4 O-O 13. c3 Be6 14. Qc2 Nf4 15. Bxf4 exf4 16. b3 f5 17. e5 g5 18.
Rfe1 Rad8 19. Rad1 Kg7 20. Qc1 a5 21. Bf1 h6 22.
Qb2 Rxd1 23. Rxd1 Rd8 24. Re1 b5 25. axb5 cxb5 26. Nd6 b4 27. cxb4 axb4 28. Rc1 Qb6 29.
Bc4 Bxc4 30. Nxc4 Qd4 31. Qe2 g4 32. h3 h5 33. Qc2 Qd3 34. Qa2 gxh3 35. gxh3 Qxh3 36.
Qa7 Kh8 0-1

[Event "Early-Titled-Tuesday-Blitz-February-13-2024"]
[Site "Chess.com"]
[Date "2024.02.13"]
[Round "8"]
[White "LeoWin2012"]
[Black "SimonKnightRivendell"]
[Result "1-0"]
[WhiteElo "2235"]
[BlackElo "2119"]
[TimeControl "180+1"]
[EndTime "9:32:19 PST"]
[Termination "LeoWin2012 won on time"]

1. e4 e6 2. d4 d5 3. e5 c5 4. c3 Nc6 5. Nf3 Bd7 6. Bd3 Qb6 7. O-O cxd4 8. cxd4 Nxd4 9. Nc3 Nxf3+ 10. Qxf3 Ne7 11. h4 h5 12. Be3 Qc7 13. Nb5 Bxb5 14. Bxb5+ Nc6 15.
Rac1 a6 16. Ba4 b5 17. Bb3 Qb7 18. Rc3 Nxe5 19. Qg3 Nc4 20. Bd4 Bd6 21. Qxg7 O-O-O 22. Qxh8 Rxh8 23. Bxh8 Kd7 24. Bd1 d4 25. Bf3 Qb8 26. Bxd4 Nd2 27. Bf6 Nxf3+ 28. Rxf3 Be5 29. Rd3+ Kc6 30.
Rc1+ Kb7 31. Rd7+ Kb6 32. Rxf7 Bxf6 33. Rxf6 Qe5 34. Rg6 Kb7 35. Rf1 Qxb2 36. Rxe6 Qxa2 37. Re5 Qf7 38. f4 Kb6 39. f5 Qd7 40. f6 Qd4+ 41.
Kh1 Qxe5 42. f7 Qe4 43. f8=Q Qxh4+ 44. Kg1 Qd4+ 45. Qf2 Kc5 46. Qxd4+ Kxd4 47. Rf6 a5 48. Rf5 Kc4 49. Rxh5 a4 50. Rh8 a3 51. Ra8 b4 52.
g4 Kd5 53. g5 Ke6 54. Kf2 Kf5 55.
Ke3 1-0

[Event "Early-Titled-Tuesday-Blitz-February-13-2024"]
[Site "Chess.com"]
[Date "2024.02.13"]
[Round "8"]
[White "Zavgorodniy_Sergiy"]
[Black "kingofthenil"]
[Result "1-0"]
[WhiteElo "2662"]
[BlackElo "2709"]
[TimeControl "180+1"]
[EndTime "9:32:20 PST"]
[Termination "Zavgorodniy_Sergiy won by resignation"]

1. d4 d5 2. c4 c6 3. e3 Nf6 4.
Bd3 dxc4 5. Bxc4 e5 6. Nc3 exd4 7. exd4 Bd6 8. Nf3 O-O 9. O-O h6 10. h3 Nbd7 11. Re1 Qc7 12. Bd3 Rd8 13. Qe2 Nf8 14. Ne5 Bxe5 15. dxe5 Nd5 16. Nxd5 Rxd5 17. Bc4 Rd8 18. Qh5 Be6 19. Bxe6 Nxe6 20. f4 Nd4 21. f5 Nc2 22. Bxh6 Nxe1 23. Rxe1 gxh6 24. Re4 Rd4 25. Rxd4 Qxe5 26. Rg4+ Kf8 27. Qxh6+ Ke7 28. f6+ Kd6 29. Qd2+ Kc7 30. Rd4 Qxf6 31. Rd7+ Kc8 32. Rd6 Qe7 33. Qf4 a5 34. a4 Ra6 35. Rf6 Qc7 36.
Qxc7+ Kxc7 37. Rxf7+ Kc8 38. h4 Rb6 39. h5 Rb4 40. h6 Rh4 41. h7 Kb8 42. Rf8+ Ka7 43.
h8=Q Rxh8 44. Rxh8 1-0

[Event "Early-Titled-Tuesday-Blitz-February-13-2024"]
[Site "Chess.com"]
[Date "2024.02.13"]
[Round "8"]
[White "Chess_Gainz"]
[Black "Preobrazhenska_D2011"]
[Result "1-0"]
[WhiteElo "2549"]
[BlackElo "2365"]
[TimeControl "180+1"]
[EndTime "9:32:20 PST"]
[Termination "Chess_Gainz won on time"]

1. e4 c5 2. Nf3 d6 3. d4 cxd4 4. Nxd4 Nf6 5. Nc3 a6 6. h3 e5 7.
Nde2 h5 8. Bg5 Be6 9. g3 Nbd7 10. a4 Be7 11. Bg2 O-O 12. O-O Rc8 13. Qd2 Nb6 14. b3 Qc7 15. a5 Nbd7 16. f4 exf4 17. gxf4 Nb8 18. Kh1 Nc6 19. Nd5 Bxd5 20. exd5 Nb8 21.
c4 Nbd7 22. Nd4 Nc5 23. Qc2 Rfe8 24. Rac1 Bd8 25. b4 Nce4 26. Qd3 Nxg5 27. fxg5 Nd7 28. g6 Ne5 29. gxf7+ Nxf7 30. Ne6 Qe7 31. Qg6 Ne5 32. Qxh5 Bc7 33. Be4 g6 34. Bxg6 1-0

[Event "Early-Titled-Tuesday-Blitz-February-13-2024"]
[Site "Chess.com"]
[Date "2024.02.13"]
[Round "8"]
[White "kidagent"]
[Black "Cirky"]
[Result "0-1"]
[WhiteElo "2335"]
[BlackElo "2484"]
[TimeControl "180+1"]
[EndTime "9:32:20 PST"]
[Termination "Cirky won by resignation"]

1. c4 e6 2. g3 d5 3. Bg2 Nf6 4. Nf3 Be7 5. O-O dxc4 6. Na3 a6 7.
Nxc4 b5 8. Nfe5 Ra7 9. Na5 Bd7 10. Nec6 Nxc6 11. Nxc6 Bxc6 12. Bxc6+ Nd7 13. d3 Bc5 14. a3 O-O 15. b4 Bb6 16. Bb2 Nb8 17. Bg2 c5 18. bxc5 Bxc5 19. Rc1 Nd7 20. Qb3 Rc7 21. Rfd1 Qe7 22. e3 Rfc8 23. d4 Bd6 24. Rxc7 Rxc7 25. d5 Nc5 26. Qc3 e5 27. Qc2 Na4 28. Qf5 g6 29.
Qb1 Nxb2 30. Qxb2 Bxa3 31. Qa2 Qd6 32. Ra1 b4 33. Qb3 a5 34. Qa4 f5 35. Qxa5 e4 36. Bf1 Rc5 37. Qa8+ Kg7 38. Rd1 Rc2 39. Qb7+ Kh6 40.
h4 Rc7 41. Qa8 b3 42. Rb1 b2 43. Qa5 Rc1 44. Rxb2 Bxb2 0-1

[Event "Early-Titled-Tuesday-Blitz-February-13-2024"]
[Site "Chess.com"]
[Date "2024.02.13"]
[Round "8"]
[White "LiadCuba"]
[Black "ActorXu"]
[Result "1-0"]
[WhiteElo "2510"]
[BlackElo "2805"]
[TimeControl "180+1"]
[EndTime "9:32:21 PST"]
[Termination "LiadCuba won by checkmate"]

1. d4 Nf6 2. c4 e6 3. Nc3 Bb4 4. f3 Nc6 5. e4 e5 6. d5 Nd4 7.
Ne2 c5 8. dxc6 dxc6 9. Be3 Bc5 10. Qd2 Be6 11. O-O-O Qa5 12. Nxd4 exd4 13. Bxd4 Rd8 14. Qe3 Rxd4 15. Rxd4 O-O 16. Qd2 Bxd4 17.
Qxd4 Rd8 18. Qe3 Qb4 19. Qxa7 Bxc4 20. Bxc4 Qxc4 21. Qxb7 h5 22. Qb3 Qd4 23. Rd1 Qe3+ 24. Kb1 Rxd1+ 25. Qxd1 Qf2 26. g4 h4 27. g5 Nh5 28. a4 Qxh2 29. a5 h3 30. a6 Qb8 31.
e5 h2 32. Qh1 g6 33. Qxh2 Qb6 34. Qe2 Nf4 35. Qc4 Ne6 36. Ne4 c5 37. Nf6+ Kg7 38. Ne8+ Kf8 39. Nd6 Nd4 40. Qxf7# 1-0

[Event "Early-Titled-Tuesday-Blitz-February-13-2024"]
[Site "Chess.com"]
[Date "2024.02.13"]
[Round "8"]
[White "Zq1"]
[Black "Karttunen"]
[Result "1/2-1/2"]
[WhiteElo "2497"]
[BlackElo "2628"]
[TimeControl "180+1"]
[EndTime "9:32:21 PST"]
[Termination "Game drawn by repetition"]

1. d4 Nf6 2. c4 e6 3. Nf3 d5 4.
Nc3 Bb4 5. e3 O-O 6. Bd3 c5 7.
O-O Nc6 8. cxd5 exd5 9. a3 Bxc3 10. bxc3 c4 11. Be2 Ne4 12. Bb2 Bf5 13. Ne1 Re8 14. g4 Bg6 15. f3 Nd6 16. Ng2 f5 17. h3 fxg4 18. hxg4 Qe7 19. Bc1 Na5 20. a4 Nb3 21. Ra2 Nxc1 22. Qxc1 Bd3 23. Rd2 Bxe2 24. Rxe2 Qg5 25.
Qe1 h5 26. gxh5 Qxh5 27. Nf4 Qf7 28. Qg3 Nf5 29. Qg5 Rxe3 30. Rxe3 Nxe3 31. Re1 Nf5 32. Re5 Nh6 33. Nxd5 Qxf3 34. Ne7+ Kh8 35. Re6 Qd1+ 36. Kh2 Qc2+ 37. Kg1 Qb1+ 38. Kh2 Qc2+ 39. Kg1 Qb1+ 40. Kh2 Qc2+ 1/2-1/2

[Event "Early-Titled-Tuesday-Blitz-February-13-2024"]
[Site "Chess.com"]
[Date "2024.02.13"]
[Round "8"]
[White "jk13"]
[Black "iwanyu"]
[Result "1-0"]
[WhiteElo "2691"]
[BlackElo "2858"]
[TimeControl "180+1"]
[EndTime "9:32:22 PST"]
[Termination "jk13 won by checkmate"]

1. e4 c5 2. c3 Nf6 3. e5 Nd5 4. Bc4 e6 5. Nf3 Be7 6. O-O O-O 7. d4 cxd4 8. cxd4 d6 9. Qe2 a6 10. a3 b5 11. Bd3 Bb7 12. Rd1 dxe5 13. dxe5 Nd7 14. Qe4 g6 15. Bh6 Re8 16. Qg4 Qc7 17.
Re1 Nc5 18. Bc2 Na4 19. Be4 Ndb6 20. Nbd2 Nxb2 21. h4 Bxe4 22. Nxe4 Nd3 23. Nf6+ Bxf6 24. exf6 Nxe1 25. Rxe1 Rad8 26. Ne5 Qc3 27. Re3 Qa1+ 28. Kh2 Rd1 29. Qf3 Nd5 30. Re4 Rh1+ 31. Kg3 Qg1 32. Ng4 Rc8 33. Re5 Qa1 34. Rxd5 exd5 35. Qxd5 Qc3+ 36.
Be3 Qc7+ 37. Bf4 Qc3+ 38. f3 Qc4 39. Qd7 Qe6 40. Nh6+ Kf8 41. Bd6+ Qxd6+ 42. Qxd6+ Ke8 43. Qe7# 1-0

[Event "Early-Titled-Tuesday-Blitz-February-13-2024"]
[Site "Chess.com"]
[Date "2024.02.13"]
[Round "8"]
[White "WhiteKnight2612"]
[Black "CarlosjPineror"]
[Result "1-0"]
[WhiteElo "2876"]
[BlackElo "2708"]
[TimeControl "180+1"]
[EndTime "9:32:23 PST"]
[Termination "WhiteKnight2612 won by resignation"]

1. c4 Nf6 2. Nc3 c5 3. g3 e6 4.
Bg2 Be7 5. Nf3 O-O 6. O-O a6 7. b3 Nc6 8. Bb2 d6 9. d4 cxd4 10. Nxd4 Qc7 11. Qd2 Bd7 12. Rad1 Rfd8 13. Ne4 Nxd4 14.
Bxd4 Nxe4 15. Bxe4 Bc6 16. Bb1 e5 17. Bb2 g6 18.
Rc1 Kg7 19. f4 f6 20. Qe3 Qd7 21. Rf2 Rf8 22. c5 Qe6 23. cxd6 Bxd6 24. Rd1 Rae8 25. f5 Qe7 26. fxg6 hxg6 27. Qd3 Bc5 28. Qxg6+ Kh8 29. Qh6+ Kg8 30. e3 Qg7 31. Qxg7+ Kxg7 32. Re1 Rd8 33. Rc2 Ba7 34. Kf2 Rh8 35. h4 Rd7 36. Rc4 Rhd8 37. Rg4+ Kf7 38. Bf5 Rd2+ 39. Re2 Rxe2+ 40. Kxe2 Bb5+ 41. Ke1 Bxe3 42. Bc3 Bd3 43. Bxd3 Rxd3 44. Rc4 Bd4 45. Bxd4 exd4 46. g4 Kg6 47. Ke2 Rh3 48.
h5+ Kg5 49. Rxd4 Rh2+ 50. Kd3 Rxa2 51. Kc4 Rg2 52. Kc5 Rg3 53. b4 Rc3+ 54. Kb6 f5 55. gxf5 Kxh5 56. Kxb7 Ra3 57. Rf4 Kg5 58. f6 Kxf4 59. f7 1-0

[Event "Early-Titled-Tuesday-Blitz-February-13-2024"]
[Site "Chess.com"]
[Date "2024.02.13"]
[Round "8"]
[White "FARIZA2018"]
[Black "Aslanov_Umid"]
[Result "1-0"]
[WhiteElo "2537"]
[BlackElo "2671"]
[TimeControl "180+1"]
[EndTime "9:32:24 PST"]
[Termination "FARIZA2018 won by checkmate"]

1. e4 c5 2. Nf3 d6 3. d4 cxd4 4. Nxd4 Nf6 5. Nc3 a6 6. f4 e5 7. Nf3 Nbd7 8. Bd3 b5 9. a3 Be7 10. O-O O-O 11. Kh1 Bb7 12. Qe2 Rc8 13. Bd2 Re8 14.
Rae1 Bf8 15. Qf2 Nc5 16. Nh4 Qd7 17. Nf5 d5 18. fxe5 Nfxe4 19. Bxe4 Nxe4 20. Nxe4 dxe4 21. Bc3 Bd5 22. Rd1 Qb7 23. Nd6 Bxd6 24. exd6 e3 25. Qe2 g6 26. Rfe1 Rcd8 27. Qd3 Rxd6 28. Kg1 Ree6 29. Rxe3 Qb6 30. Bd4 Qc6 31. Rxe6 Rxe6 32. c3 Bxg2 33. Bf2 Be4 34. Qd8+ Kg7 35. Bd4+ Kh6 36.
Qh4# 1-0

[Event "Early-Titled-Tuesday-Blitz-February-13-2024"]
[Site "Chess.com"]
[Date "2024.02.13"]
[Round "8"]
[White "Barmen_EV"]
[Black "Iskusnyh"]
[Result "0-1"]
[WhiteElo "2511"]
[BlackElo "2661"]
[TimeControl "180+1"]
[EndTime "9:32:24 PST"]
[Termination "Iskusnyh won by checkmate"]

1. e4 e6 2. d4 d5 3. Nd2 c5 4.
c3 cxd4 5. cxd4 dxe4 6. Nxe4 Bb4+ 7. Nc3 Nf6 8. Nf3 O-O 9. Bd3 b6 10. O-O Bb7 11. Re1 Nbd7 12. Bb1 Rc8 13. Qd3 Re8 14. Bg5 Qc7 15. Ne5 g6 16. Bd2 Rcd8 17. Nxd7 Qxd7 18. a3 Bf8 19. Bg5 Bg7 20. Qh3 Qxd4 21. Ba2 Qd3 22. Qh4 Qf5 23. Re3 h6 24. Bxf6 Qxf6 25. Qg3 Qg5 26.
Qh3 Rd2 27. Rae1 Qf4 28. Nd1 Red8 29. Bb3 a5 30. Qg3 Qxg3 31. hxg3 b5 32. a4 b4 33. R3e2 Rxe2 34. Rxe2 Rd3 35. Bc4 Rxd1+ 36. Kh2 Bd5 37. Bb5 h5 38. Re3 g5 39. Rd3 Rb1 40. b3 Be5 41. Kh3 Rh1# 0-1

[Event "Early-Titled-Tuesday-Blitz-February-13-2024"]
[Site "Chess.com"]
[Date "2024.02.13"]
[Round "8"]
[White "vi_pranav"]
[Black "alexrustemov"]
[Result "0-1"]
[WhiteElo "3035"]
[BlackElo "2842"]
[TimeControl "180+1"]
[EndTime "9:32:25 PST"]
[Termination "alexrustemov won by resignation"]

1. e4 e6 2. d4 d5 3. Nc3 dxe4 4. Nxe4 Bd7 5. Nf3 Bc6 6. Bd3 Nd7 7. O-O Ngf6 8. Ng3 Be7 9. Re1 O-O 10. c3 b6 11. Qe2 Bb7 12. Bf4 c5 13. Rad1 Bxf3 14.
Qxf3 cxd4 15. Be4 Nxe4 16. Nxe4 e5 17. Bc1 f5 18. Ng3 e4 19. Qf4 g5 20. Qd2 d3 21.
f3 Bc5+ 22. Kh1 Ne5 23. b4 Nc4 24. Qxg5+ Qxg5 25. Bxg5 Bf2 26. Rf1 Be3 27. Be7 Rf7 28. Bh4 Re8 29. Nh5 Re6 30. g4 d2 31. Ng3 Bf4 32.
gxf5 Rh6 33. Nxe4 Rxh4 34. Rf2 Rxf5 35. Rg2+ Kf7 36. Re2 Rfh5 37. Kg1 Rxh2 38. Rxh2 Rxh2 39. a4 Re2 40. Kf1 Rxe4 41. Kf2 0-1

[Event "Early-Titled-Tuesday-Blitz-February-13-2024"]
[Site "Chess.com"]
[Date "2024.02.13"]
[Round "8"]
[White "ejam94"]
[Black "GaiozNigalidze"]
[Result "0-1"]
[WhiteElo "2511"]
[BlackElo "2684"]
[TimeControl "180+1"]
[EndTime "9:32:25 PST"]
[Termination "GaiozNigalidze won on time"]

1. e4 c5 2. Nf3 d6 3. d4 cxd4 4.
Nxd4 Nf6 5. Nc3 a6 6. b3 g6 7. Bb2 Bg7 8. Qd2 O-O 9. O-O-O b5 10. f3 Bd7 11. g4 b4 12. Nce2 e5 13. Nf5 gxf5 14. gxf5 Bb5 15. Rg1 Kh8 16. Bxe5 Nbd7 17. Bb2 Ne5 18. Rxg7 Kxg7 19. Qg5+ Kh8 20. f4 Nxe4 21.
Qxd8 Raxd8 22. fxe5 dxe5 23. Bxe5+ f6 24. Bd4 Bxe2 25.
Bxe2 Kg7 26. Rg1+ Kh8 27. Rd1 Rd6 28. Bf3 Nc3 29. Rd3 Rfd8 30. Bxf6+ Rxf6 31. Rxd8+ Kg7 32. Rd7+ Kh6 33. Bg4 Kg5 34. h3 h5 35. Rg7+ Kh4 36.
Rh7 Kg3 37. Rxh5 Rd6 38. Kb2 Rd2 39. f6 Rf2 40. Rf5 Rh2 41. f7 Rh1 0-1

[Event "Early-Titled-Tuesday-Blitz-February-13-2024"]
[Site "Chess.com"]
[Date "2024.02.13"]
[Round "8"]
[White "Nikolakis2014"]
[Black "BlueWizzard"]
[Result "0-1"]
[WhiteElo "2712"]
[BlackElo "2877"]
[TimeControl "180+1"]
[EndTime "9:32:27 PST"]
[Termination "BlueWizzard won by resignation"]

1. d4 b6 2. Nf3 Bb7 3. g3 c5 4. d5 e6 5. c4 exd5 6. cxd5 Nf6 7. Nc3 d6 8. Bg2 Be7 9. a4 O-O 10. O-O Re8 11. e4 Bf8 12. Re1 Na6 13. Bf4 Nb4 14. Qd2 h6 15. h4 Ba6 16. Bf1 Bxf1 17. Kxf1 c4 18. Kg2 Nd3 19. Re2 Qd7 20. Nd4 Nh5 21. Be3 Qg4 22. Ndb5 g5 23. hxg5 hxg5 24.
Bxg5 Re5 25. Be3 f5 26. exf5 Rae8 27. Rh1 Rxf5 28. Nd4 Ndf4+ 29. Bxf4 Nxf4+ 30. Kf1 Nxe2 31. Ncxe2 Rxd5 32. Rh4 Qg5 33. Nf4 Rde5 34. Qc2 Re4 35. Qxc4+ d5 36. Qxd5+ Qxd5 37. Nxd5 Rxh4 38. gxh4 Rd8 39.
Nf6+ Kf7 40. Nc6 Rd6 41. Ne4 Rxc6 42. Ng5+ Kg6 43. Kg2 Rc4 44. Nf3 Bd6 45. Nd4 Rxd4 46. f4 Rxf4 47. Kh3 Kh5 48. Kg2 Rxa4 0-1

[Event "Early-Titled-Tuesday-Blitz-February-13-2024"]
[Site "Chess.com"]
[Date "2024.02.13"]
[Round "8"]
[White "marik_spb"]
[Black "hsd2016"]
[Result "0-1"]
[WhiteElo "2464"]
[BlackElo "2345"]
[TimeControl "180+1"]
[EndTime "9:32:28 PST"]
[Termination "hsd2016 won by resignation"]

1. d4 d5 2. c4 c6 3. Nf3 Nf6 4. Nc3 dxc4 5. a4 Bf5 6. e3 e6 7. Bxc4 Bb4 8. Bd2 O-O 9. O-O Bg6 10. Ne5 Nbd7 11. Nxg6 hxg6 12. Qb3 a5 13. Rfd1 Qe7 14.
Qc2 Rfd8 15. Be2 Rac8 16. Ne4 Nxe4 17. Qxe4 Nf6 18. Qd3 e5 19. Bxb4 Qxb4 20. Qc3 exd4 21. Qxb4 axb4 22. exd4 Ra8 23. a5 Nd5 24. Bc4 Nc7 25.
Kf1 Kf8 26. f3 Nd5 27. Kf2 f6 28. Rd3 g5 29. g3 Ne7 30. Ra4 b5 31. Rxb4 bxc4 32.
Rxc4 Rxa5 33. Ra3 Rxa3 34. bxa3 Ra8 35. a4 Ke8 36. f4 gxf4 37. gxf4 Kd7 38. Kf3 Ra5 39.
Kg4 Kd6 40. Rb4 Ra7 41. Kh5 Kd5 42. h3 Ke4 43. Kg4 Nd5 44. Rc4 Ne3+ 45. Kh5 Nxc4 0-1

[Event "Early-Titled-Tuesday-Blitz-February-13-2024"]
[Site "Chess.com"]
[Date "2024.02.13"]
[Round "8"]
[White "Witty_Alien"]
[Black "tusplingher"]
[Result "0-1"]
[WhiteElo "2305"]
[BlackElo "2465"]
[TimeControl "180+1"]
[EndTime "9:32:31 PST"]
[Termination "tusplingher won by resignation"]

1. e4 c5 2. Nf3 d6 3. d4 cxd4 4. c3 Nf6 5. Bd3 dxc3 6. O-O Nc6 7. Re1 g6 8. Nxc3 Bg7 9. Bg5 O-O 10. Rc1 Bg4 11.
Qd2 Rc8 12. Qf4 Bxf3 13. Qxf3 Ne5 14. Qh3 Nxd3 15. Qxd3 Qb6 16. Bxf6 Bxf6 17. Nd5 Rxc1 18. Rxc1 Qxb2 19. Rb1 Qd4 20. Nxe7+ Kg7 21. Qxd4 Bxd4 22. Rxb7 Kf6 23. Nd5+ Kg5 24. Kf1 f5 25. f4+ Kh6 26.
e5 dxe5 27. fxe5 Bxe5 28. Rxa7 Bxh2 29. a4 Be5 30. a5 Rd8 31. Ne7 Rd2 32. Ng8+ Kg5 33.
Rxh7 Bd4 34. Rd7 Kf4 35. Ne7 Ke3 36. Nd5+ Kd3 37. Nf4+ Ke4 38. Nxg6 Rf2+ 39. Kg1 Rd2+ 40. Kh2 Bg1+ 41. Kxg1 Rxd7 42. Nh4 Ra7 43. Nf3 Rxa5 44. Kh2 Kf4 45. Kh3 Ra8 46. g3+ Kxf3 0-1

[Event "Early-Titled-Tuesday-Blitz-February-13-2024"]
[Site "Chess.com"]
[Date "2024.02.13"]
[Round "8"]
[White "colegiodemadrid"]
[Black "Dyadya81"]
[Result "0-1"]
[WhiteElo "2556"]
[BlackElo "2824"]
[TimeControl "180+1"]
[EndTime "9:32:32 PST"]
[Termination "Dyadya81 won by resignation"]

1. e4 c6 2. d4 d5 3. Nc3 dxe4 4.
Nxe4 Bf5 5. Ng3 Bg6 6. h4 h6 7. f4 e6 8. h5 Bh7 9. Be3 Nf6 10. Bd3 Bxd3 11. Qxd3 Na6 12. c3 Bd6 13. O-O-O Nd5 14. N1e2 Qa5 15. Kb1 O-O-O 16. Bc1 Bc7 17. Ne4 c5 18.
Qc4 b5 19. Qb3 c4 20. Qc2 Nab4 21. cxb4 Nxb4 22. a3 Nxc2 23. Kxc2 Qa4+ 24. Kb1 Bb6 25. N2c3 Qa6 26. d5 exd5 27. Nxd5 Qb7 28. Nec3 Rhe8 29. f5 a5 30. f6 gxf6 31. Nxf6 Rxd1 32. Rxd1 Re6 33. Rd7 Qxd7 34. Nxd7 Kxd7 35. Nxb5 Re5 36. a4 Rxh5 37. Na3 Rh4 38. g3 Rh3 39. Nxc4 Bc7 40. g4 Rh4 41. Ne3 Ke6 42. Kc2 Bb6 43. Nf5 Rxg4 44. Nxh6 Rc4+ 45. Kd1 Rxc1+ 46. Kxc1 Be3+ 0-1

[Event "Early-Titled-Tuesday-Blitz-February-13-2024"]
[Site "Chess.com"]
[Date "2024.02.13"]
[Round "8"]
[White "Let_it_be_1"]
[Black "Happy1712Drummer"]
[Result "1-0"]
[WhiteElo "2570"]
[BlackElo "2380"]
[TimeControl "180+1"]
[EndTime "9:32:32 PST"]
[Termination "Let_it_be_1 won on time"]

1. e4 c5 2. Nf3 e6 3. d4 cxd4 4. Nxd4 Nf6 5. Nc3 Nc6 6. Ndb5 Bc5 7. Nd6+ Ke7 8. Bf4 e5 9. Nf5+ Kf8 10. Bg5 d6 11.
Bxf6 Qxf6 12. Nd5 Qg6 13. Qf3 h5 14. c3 Qg4 15. Qxg4 hxg4 16. Be2 g6 17. Nfe3 f5 18.
O-O-O Ne7 19. f3 gxf3 20. Bxf3 f4 21. Nc4 Nxd5 22. exd5 b5 23. b4 bxc4 24. bxc5 Bf5 25. cxd6 Rd8 26. Rhe1 Rxd6 27. Rxe5 Kf7 28. h3 Rb8 29. Re2 Rb1+ 30. Kd2 Rxd1+ 31. Kxd1 Bd3 32. Re5 Ra6 33. Be4 Rxa2 34. d6 Bxe4 35. d7 1-0

[Event "Early-Titled-Tuesday-Blitz-February-13-2024"]
[Site "Chess.com"]
[Date "2024.02.13"]
[Round "8"]
[White "Hui_Li_Macau"]
[Black "Kunalm64"]
[Result "0-1"]
[WhiteElo "2356"]
[BlackElo "2518"]
[TimeControl "180+1"]
[EndTime "9:32:32 PST"]
[Termination "Kunalm64 won by resignation"]

1. e4 c6 2. d4 d5 3. Nd2 dxe4 4. Nxe4 Nf6 5. Nxf6+ exf6 6. c3 Bd6 7. Bd3 O-O 8. Qc2 Re8+ 9. Ne2 h6 10. O-O Nd7 11. Bf4 Nf8 12. Bxd6 Qxd6 13. Rfe1 Bd7 14. Ng3 Rxe1+ 15.
Rxe1 Re8 16. Rxe8 Bxe8 17. Qe2 Qe6 18. Qxe6 fxe6 19. Kf1 Kf7 20. Ke2 Ke7 21. Kd2 g5 22.
Ne4 b6 23. Ke3 Ng6 24. g3 Nf8 25. f4 Bg6 26. Nf2 Bxd3 27. Nxd3 g4 28. c4 Kd6 29. Ke4 f5+ 30. Ke3 Nd7 31. b3 c5 32. a3 a5 33. b4 cxb4 34. axb4 a4 35. Kd2 b5 36. cxb5 Kd5 37. Kc3 Nb6 38. Nc5 h5 39. Nd3 a3 40.
Nc5 a2 41. Kb2 Kxd4 42. Nxe6+ Ke3 43. Ng7 Kf2 44. Nxf5 Kg2 45. Ng7 h4 46. f5 Kxh2 47. f6 hxg3 48. f7 Nd7 49. b6 g2 50. b7 a1=Q+ 51. Kxa1 g1=Q+ 52. Kb2 Qd4+ 53. Kb3 Qxg7 0-1

[Event "Early-Titled-Tuesday-Blitz-February-13-2024"]
[Site "Chess.com"]
[Date "2024.02.13"]
[Round "8"]
[White "kylelancman"]
[Black "johnmez"]
[Result "1-0"]
[WhiteElo "2424"]
[BlackElo "2272"]
[TimeControl "180+1"]
[EndTime "9:32:32 PST"]
[Termination "kylelancman won on time"]

1. e4 c5 2. Nf3 e6 3. c3 d5 4. exd5 Qxd5 5. d4 Nf6 6. Na3 Be7 7. Be3 O-O 8. dxc5 Rd8 9. Qxd5 Nxd5 10. Bd4 Nc6 11. O-O-O b6 12. cxb6 Bxa3 13. bxa3 axb6 14. Bb5 Bb7 15. Kb2 Nxd4 16. Rxd4 Nc7 17. Be2 Rxd4 18.
cxd4 Nd5 19. g3 Rc8 20. Nd2 Nf4 21. Re1 Nxe2 22. Rxe2 Bd5 23. Nb3 Kf8 24. Rc2 Rxc2+ 25. Kxc2 Ke7 26. Kc3 Kd6 27. a4 Kc7 28. a3 Kc6 29.
Kb4 h5 30. Nd2 g5 31. a5 bxa5+ 32. Kxa5 f5 33. Kb4 h4 34. Kc3 h3 35. f4 g4 36.
a4 Kb6 37. Nc4+ Ka6 38. Kb4 Kb7 39. Ne3 Be4 40. Kc5 Ka6 41. d5 exd5 42. Nxd5 Ka5 43.
Nc3 Bc2 44. Kc4 1-0

[Event "Early-Titled-Tuesday-Blitz-February-13-2024"]
[Site "Chess.com"]
[Date "2024.02.13"]
[Round "8"]
[White "Alex_Terzi"]
[Black "IMRosen"]
[Result "1-0"]
[WhiteElo "2508"]
[BlackElo "2653"]
[TimeControl "180+1"]
[EndTime "9:32:33 PST"]
[Termination "Alex_Terzi won by checkmate"]

1. e4 c5 2. Nf3 Nc6 3. d4 cxd4 4. Nxd4 g6 5. Nc3 Bg7 6. Be3 Nf6 7. Bc4 O-O 8. Bb3 Re8 9. f3 e6 10. O-O d5 11.
exd5 Nxd5 12. Nxd5 exd5 13. Bf2 Qg5 14. Kh1 Bd7 15. c3 Rad8 16. Rc1 Be5 17. Rc2 Qh6 18. Bg1 Bb8 19. Re1 Qh5 20. Rce2 Rxe2 21. Rxe2 Ne5 22.
Bxd5 Bb5 23. Nxb5 a6 24. Na3 Kg7 25. c4 b5 26. b3 Bd6 27. Nc2 bxc4 28. bxc4 Bb8 29.
Ne3 Nxc4 30. Nxc4 Rxd5 31. Rd2 Rb5 32. Ne3 Qg5 33. Ng4 Bf4 34. Rd8 h5 35. Bd4+ f6 36. Bxf6+ Qxf6 37. Nxf6 Kxf6 38. Rf8+ Kg5 39. h4+ Kh6 40.
Rxf4 Rb7 41. Rf6 a5 42. Qd3 Rg7 43. Qd2+ Kh7 44. Qxa5 Kg8 45. Kh2 Kh7 46. Kg3 g5 47.
hxg5 h4+ 48. Kf2 h3 49. Qf5+ Kh8 50. Rf8+ Rg8 51. Qf6+ Kh7 52. Qh6# 1-0

[Event "Early-Titled-Tuesday-Blitz-February-13-2024"]
[Site "Chess.com"]
[Date "2024.02.13"]
[Round "8"]
[White "Bigfish1995"]
[Black "kpio91"]
[Result "1-0"]
[WhiteElo "3165"]
[BlackElo "2894"]
[TimeControl "180+1"]
[EndTime "9:32:34 PST"]
[Termination "Bigfish1995 won on time"]

1. e4 e6 2. d4 d5 3. Nc3 Bb4 4. e5 b6 5. Qg4 Bf8 6. Nf3 Ba6 7.
Ng5 Qd7 8. Bxa6 Nxa6 9. Qe2 Nb8 10. Qh5 g6 11. Qh3 Nc6 12. Ne2 Bg7 13. Bd2 Nge7 14.
O-O-O h6 15. Nf3 O-O-O 16. Rhe1 Kb7 17. Kb1 g5 18. Qh5 Rdf8 19. h4 f6 20. exf6 Bxf6 21.
hxg5 hxg5 22. Qg4 Nf5 23. Nxg5 Rhg8 24. f4 Ncxd4 25. Nxd4 Bxd4 26. Qe2 Re8 27. g4 Nd6 28. Bc1 Bh8 29. Nxe6 c6 30. f5 Qf7 31. Rf1 Ne4 32. c4 Ng3 33. Qf3 Nxf1 34. cxd5 Rc8 35. dxc6+ Rxc6 36. Nd8+ Rxd8 37. Rxd8 Nh2 38. Qf4 Qe7 39.
Rxh8 Rc7 40. Rxh2 Qc5 41. a3 a5 42. Qe4+ Ka7 43. Rc2 1-0